[Event "42nd Olympiad Baku 2016 Open"]
[Site "Baku"]
[Date "2016.09.04"]
[Round "3.22"]
[White "Taher, Yoseph Theolifus"]
[Black "Choukri, Adel"]
[Result "1-0"]
[ECO "A59"]
[WhiteElo "2321"]
[BlackElo "2269"]
[Annotator ""]
[PlyCount "121"]
[EventDate "2016.??.??"]
[EventCountry "AZE"]
[SourceTitle "playchess.com"]
[Source "ChessBase"]
[WhiteTeam "Indonesia"]
[BlackTeam "Morocco"]
[WhiteTeamCountry "INA"]
[BlackTeamCountry "MAR"]
[TimeControl "40/5400+30:1800+30"]

1. d4 {(00:00)} Nf6 {(00:00)} 2. c4 {(00:00)} c5 {(
00:10)} 3. d5 {(00:20)} b5 {(00:15)} 4. cxb5 {(01:14)} a6
{(00:08)} 5. bxa6 {(00:36)} g6 {(00:20)} 6. Nc3 {(
01:05)} Bxa6 {(00:15)} 7. e4 {(02:22)} Bxf1 {(00:35)} 8.
Kxf1 {(00:03)} d6 {(00:08)} 9. Nf3 {(01:41)} Bg7 {(
00:38)} 10. g3 {(00:24)} O-O {(00:20)} 11. Kg2 {(00:07)}
Nbd7 {(04:38)} 12. Re1 {(01:03)} Ng4 {(03:15)} 13. Qe2 {
(10:34)} Qa5 {(07:12)} 14. Bd2 {(07:10)} Rfb8 {(02:
46)} 15. Nd1 {(08:01)} Qa6 {(05:54)} 16. Bc3 {(01:02)}
Nge5 {(05:34)} 17. Qxa6 {(03:39)} Rxa6 {(00:03)} 18. Nxe5
{(03:33)} Nxe5 {(00:26)} 19. Re2 {(01:28)} Nd3 {(
03:37)} 20. Kf1 {(15:53)} Bxc3 {(11:46)} 21. bxc3 {(00:42]
} Ra3 {(15:51)} 22. Rc2 {(02:56)} c4 {(05:23)} 23. Ke2 {
(02:01)} Ra4 {(01:28)} 24. Ne3 {(02:37)} Nc5 {(00:
37)} 25. f3 {(00:57)} Rba8 {(07:48)} 26. Kd1 {(08:05)} Rb8
{(04:26)} 27. Ke2 {(05:17)} Rba8 {(00:31)} 28. Rb2 {
(03:06)} Ra3 {(03:36)} 29. Rc2 {(04:57)} R8a4 {(00:
31)} 30. Kd2 {(02:01)} Rb3 {(08:43)} 31. Nxc4 {(04:18)}
Rb7 {(00:48)} 32. Nb2 {(02:36)} Nb3+ {(00:46)} 33. axb3 {
(00:12)} Rxa1 {(00:03)} 34. b4 {(00:25)} Rh1 {(00:
49)} 35. Ke3 {(00:55)} Kf8 {(01:38)} 36. Nd3 {(00:13)} e6
{(00:51)} 37. dxe6 {(01:47)} fxe6 {(00:02)} 38. e5 {
(00:26)} d5 {(01:37)} 39. Nc5 {(00:22)} Re7 {(00:
12)} 40. Rb2 {(00:00)} Re1+ {(00:00)} 41. Kd3 {(05:02)}
Rd1+ {(07:28)} 42. Kc2 {(02:02)} Rf1 {(00:33)} 43. b5 {
(01:54)} Rf2+ {(00:59)} 44. Kb3 {(00:07)} Rxf3 {(
00:29)} 45. b6 {(04:32)} d4 {(09:51)} 46. b7 {(01:42)}
Rxc3+ {(00:35)} 47. Kb4 {(00:54)} Rxb7+ {(01:59)} 48. Nxb7
{(00:05)} Re3 {(00:17)} 49. Nc5 {(00:18)} Ke7 {(00:
15)} 50. Kc4 {(02:08)} Rxe5 {(00:15)} 51. Kxd4 {(00:17)}
Rd5+ {(00:16)} 52. Kc4 {(00:04)} Kf6 {(00:36)} 53. Re2 {
(00:07)} Kf5 {(00:46)} 54. Nxe6 {(01:54)} Rd1 {(00:
06)} 55. Nd4+ {(01:51)} Kg4 {(00:21)} 56. Re4+ {(01:21)}
Kg5 {(00:22)} 57. Nf3+ {(00:39)} Kf5 {(01:34)} 58. Rf4+ {
(00:05)} Ke6 {(00:09)} 59. Ng5+ {(00:18)} Ke5 {(01:
33)} 60. Nxh7 {(00:08)} Ra1 {(02:49)} 61. Rf2 {(01:29)}
1-0

[Event "42nd Olympiad Baku 2016 Open"]
[Site "Baku"]
[Date "2016.09.04"]
[Round "3.26"]
[White "Teerapabpaisit, Wisuwat"]
[Black "Oussedik, Mahfoud"]
[Result "1/2-1/2"]
[ECO "B90"]
[WhiteElo "2248"]
[BlackElo "2280"]
[Annotator ""]
[PlyCount "140"]
[EventDate "2016.??.??"]
[EventCountry "AZE"]
[SourceTitle "playchess.com"]
[Source "ChessBase"]
[WhiteTeam "Thailand"]
[BlackTeam "Algeria"]
[WhiteTeamCountry "THA"]
[BlackTeamCountry "ALG"]
[TimeControl "40/5400+30:1800+30"]

1. e4 {(00:00)} c5 {(00:00)} 2. Nf3 {(00:00)} d6 {(
00:15)} 3. d4 {(00:00)} cxd4 {(00:06)} 4. Nxd4 {(00:00)}
Nf6 {(00:05)} 5. Nc3 {(00:00)} a6 {(00:04)} 6. Be3 {
(00:00)} e6 {(00:09)} 7. f3 {(00:00)} b5 {(00:04)}
8. Qd2 {(00:00)} Nbd7 {(00:41)} 9. g4 {(01:39)} Nb6 {
(00:07)} 10. a4 {(02:52)} Nc4 {(03:39)} 11. Bxc4 {(
00:51)} bxc4 {(00:06)} 12. a5 {(07:38)} Bb7 {(13:53)} 13.
O-O {(11:02)} h6 {(11:44)} 14. Na4 {(06:22)} Nd7 {(
03:50)} 15. Ne2 {(07:28)} Be7 {(06:15)} 16. Nb6 {(04:03)}
Nxb6 {(09:13)} 17. Bxb6 {(00:10)} Qd7 {(00:59)} 18. Qc3 {
(08:08)} Bf6 {(10:12)} 19. Bd4 {(05:32)} e5 {(01:
47)} 20. Bb6 {(01:48)} h5 {(07:26)} 21. gxh5 {(02:22)}
Rxh5 {(03:21)} 22. Ng3 {(00:16)} Rg5 {(03:22)} 23. Qxc4 {
(01:50)} d5 {(06:12)} 24. exd5 {(06:12)} Bxd5 {(07:
10)} 25. Qd3 {(00:22)} Qh3 {(08:58)} 26. Rf2 {(02:42)} Bb7
{(00:04)} 27. Qd6 {(15:54)} Be7 {(02:47)} 28. Qc7 {
(01:46)} Qd7 {(00:03)} 29. Qxd7+ {(01:29)} Kxd7 {(
00:04)} 30. Kf1 {(03:44)} f5 {(01:47)} 31. Rd1+ {(04:44)}
Ke8 {(00:35)} 32. f4 {(01:35)} exf4 {(00:04)} 33. Rxf4 {
(00:18)} g6 {(00:04)} 34. Be3 {(02:04)} Rg4 {(00:
16)} 35. Rxg4 {(00:33)} fxg4 {(00:03)} 36. Rd4 {(00:58)}
Bf3 {(00:45)} 37. Rc4 {(01:21)} Rd8 {(00:28)} 38. Kf2 {
(00:20)} Rd5 {(00:47)} 39. b4 {(00:18)} Re5 {(00:
15)} 40. c3 {(00:00)} Re6 {(00:00)} 41. Rc7 {(07:49)} Bd6
{(02:49)} 42. Ra7 {(01:29)} Bb8 {(00:07)} 43. Rh7 {
(00:25)} Be5 {(01:05)} 44. Bd4 {(01:40)} Bf4 {(00:
19)} 45. h3 {(05:25)} Bd2 {(00:54)} 46. hxg4 {(00:06)}
Bxg4 {(00:08)} 47. Rh4 {(00:47)} Be1+ {(00:58)} 48. Kg2 {
(00:25)} Bd1 {(02:14)} 49. Re4 {(01:32)} Kd7 {(00:
12)} 50. Rxe6 {(03:16)} Kxe6 {(00:11)} 51. b5 {(02:22)}
axb5 {(00:35)} 52. Ne4 {(07:32)} Kf5 {(08:45)} 53. Nd6+ {
(00:51)} Kg4 {(00:09)} 54. Nxb5 {(00:26)} Be2 {(00:
42)} 55. Nc7 {(01:06)} Bg3 {(00:50)} 56. Ne6 {(00:55)} Bc4
{(00:54)} 57. Nc5 {(00:11)} Bc7 {(02:46)} 58. Nd7 {
(01:51)} Kf5 {(00:45)} 59. Bb6 {(00:29)} Be5 {(00:
19)} 60. Bd4 {(01:19)} Bc7 {(00:41)} 61. Nb6 {(00:29)}
Bxb6 {(01:02)} 62. axb6 {(00:12)} Ba6 {(00:03)} 63. Kg3 {
(01:08)} Ke4 {(00:11)} 64. Kg4 {(00:06)} Kd5 {(00:
06)} 65. Kg5 {(00:12)} Kc6 {(00:05)} 66. Kxg6 {(00:06)}
Bd3+ {(00:10)} 67. Kf6 {(00:02)} Be4 {(00:06)} 68. Ke5 {
(00:35)} Bh1 {(00:03)} 69. Ke6 {(00:19)} Kb7 {(00:
05)} 70. Kd6 {(00:18)} Bc6 {(00:05)} 1/2-1/2

[Event "42nd Olympiad Baku 2016 Open"]
[Site "Baku"]
[Date "2016.09.04"]
[Round "3.8"]
[White "Thorsteinsson, Sjurdur"]
[Black "Kahn, Tito"]
[Result "1/2-1/2"]
[ECO "B43"]
[WhiteElo "2187"]
[BlackElo "1880"]
[Annotator ""]
[PlyCount "80"]
[EventDate "2016.??.??"]
[EventCountry "AZE"]
[SourceTitle "playchess.com"]
[Source "ChessBase"]
[WhiteTeam "Faroe Islands"]
[BlackTeam "Channel Islands"]
[WhiteTeamCountry "FAI"]
[BlackTeamCountry "JCI"]
[TimeControl "40/5400+30:1800+30"]

1. e4 {(00:00)} c5 {(00:00)} 2. Nf3 {(00:29)} e6 {(
00:00)} 3. d4 {(00:20)} cxd4 {(00:00)} 4. Nxd4 {(00:05)}
a6 {(00:04)} 5. Nc3 {(00:30)} Qc7 {(00:27)} 6. Bd3 {
(00:39)} Nc6 {(01:44)} 7. Be3 {(03:08)} Nf6 {(03:
01)} 8. O-O {(02:34)} Bd6 {(04:55)} 9. h3 {(14:31)} h5 {
(15:47)} 10. Be2 {(15:22)} Bf4 {(33:12)} 11. Qd2 {(
20:32)} Bh2+ {(07:17)} 12. Kh1 {(00:18)} Ng4 {(00:17)} 13.
f4 {(08:42)} Nxe3 {(11:37)} 14. Qxe3 {(03:53)} Nxd4 {
(04:12)} 15. Qxd4 {(00:24)} Bxf4 {(00:15)} 16. Qxg7 {
(04:07)} Qe5 {(02:43)} 17. Qxe5 {(01:38)} Bxe5 {(
00:01)} 18. Na4 {(02:35)} b5 {(01:42)} 19. Nb6 {(00:10)}
Rb8 {(00:49)} 20. Nxc8 {(00:05)} Rxc8 {(00:02)} 21. c3 {
(00:18)} Rc5 {(06:05)} 22. a4 {(00:54)} bxa4 {(00:
20)} 23. Rxa4 {(00:40)} a5 {(00:35)} 24. Rfa1 {(04:00)}
Bc7 {(02:51)} 25. b4 {(00:44)} Rxc3 {(00:56)} 26. bxa5 {
(00:47)} Bb8 {(02:15)} 27. Rb4 {(07:06)} Ke7 {(00:
36)} 28. Rd1 {(00:37)} Rhc8 {(01:08)} 29. Rb7 {(02:46)}
R3c7 {(00:58)} 30. Rb5 {(03:45)} Rc1 {(00:38)} 31. Rb1 {
(00:30)} Rxd1+ {(00:12)} 32. Bxd1 {(01:00)} h4 {(
00:17)} 33. Kg1 {(00:30)} Ba7+ {(00:26)} 34. Kf1 {(00:22)}
Rc4 {(00:18)} 35. Rb7 {(00:38)} Bd4 {(01:12)} 36. Rb5 {
(01:02)} Rc1 {(00:24)} 37. Ke2 {(00:33)} Ra1 {(00:
10)} 38. Bb3 {(01:07)} Bc3 {(00:35)} 39. Rh5 {(00:29)}
Bxa5 {(00:46)} 40. Rxh4 {(00:00)} Bb6 {(00:00)} 1/2-1/2

[Event "42nd Olympiad Baku 2016 Open"]
[Site "Baku"]
[Date "2016.09.04"]
[Round "3.21"]
[White "Tissir, Mohamed"]
[Black "Ali, Muhammad Lutfi"]
[Result "1/2-1/2"]
[ECO "B06"]
[WhiteElo "2388"]
[BlackElo "2411"]
[Annotator ""]
[PlyCount "150"]
[EventDate "2016.??.??"]
[EventCountry "AZE"]
[SourceTitle "playchess.com"]
[Source "ChessBase"]
[WhiteTeam "Morocco"]
[BlackTeam "Indonesia"]
[WhiteTeamCountry "MAR"]
[BlackTeamCountry "INA"]
[TimeControl "40/5400+30:1800+30"]

1. e4 {(00:00)} g6 {(00:00)} 2. d4 {(00:00)} Bg7 {(
00:00)} 3. Nf3 {(03:34)} d6 {(00:10)} 4. c3 {(10:30)} Nf6
{(03:49)} 5. Bd3 {(01:10)} O-O {(01:18)} 6. O-O {(
00:07)} Nc6 {(01:25)} 7. d5 {(07:20)} Nb8 {(01:57)} 8. h3
{(00:05)} e5 {(03:32)} 9. dxe6 {(04:31)} Bxe6 {(01:
19)} 10. Re1 {(00:57)} Nc6 {(03:30)} 11. Na3 {(17:40)} Ne5
{(14:32)} 12. Nxe5 {(04:57)} dxe5 {(00:11)} 13. Bg5 {
(00:02)} h6 {(07:28)} 14. Bh4 {(02:06)} c6 {(02:49]
} 15. Bc4 {(00:16)} Re8 {(02:31)} 16. Qf3 {(05:41)} Qe7 {
(02:41)} 17. Bxe6 {(07:25)} Qxe6 {(00:14)} 18. b3 {
(00:05)} b5 {(05:34)} 19. Nc2 {(00:06)} a5 {(01:27]
} 20. Ne3 {(00:05)} Nh7 {(18:27)} 21. c4 {(25:35)} b4 {
(02:31)} 22. c5 {(01:19)} Bf8 {(01:22)} 23. Rac1 {(
00:06)} Ng5 {(10:38)} 24. Bxg5 {(00:15)} hxg5 {(00:04)}
25. Red1 {(01:26)} a4 {(04:58)} 26. Rc4 {(00:05)} axb3 {
(00:30)} 27. axb3 {(00:06)} Ra3 {(01:34)} 28. Rd3 {
(04:43)} Rb8 {(01:51)} 29. Qg4 {(01:18)} Qxg4 {(04:
23)} 30. Nxg4 {(00:01)} Bg7 {(00:12)} 31. Rd6 {(00:09)}
Rxb3 {(00:30)} 32. Rxc6 {(00:07)} Rc3 {(01:32)} 33. Rb6 {
(00:09)} Rxc4 {(00:37)} 34. Rxb8+ {(00:05)} Kh7 {(
00:03)} 35. Ne3 {(01:51)} Rxc5 {(00:30)} 36. Rxb4 {(00:36]
} Bf8 {(02:37)} 37. Rc4 {(03:14)} Rb5 {(00:08)} 38. Rc7 {
(00:19)} Kg7 {(00:19)} 39. Nc4 {(00:41)} Bc5 {(01:
26)} 40. g3 {(00:00)} Kg8 {(00:00)} 41. Rc8+ {(00:49)} Kg7
{(02:52)} 42. Rc7 {(03:05)} Kg8 {(02:46)} 43. Kg2 {
(11:28)} f6 {(01:08)} 44. f3 {(03:50)} Bd4 {(02:10]
} 45. h4 {(00:11)} gxh4 {(01:33)} 46. gxh4 {(00:01)} Rc5 {
(00:40)} 47. Rxc5 {(00:29)} Bxc5 {(00:05)} 48. Kg3 {
(00:10)} Kf7 {(00:20)} 49. Kg4 {(01:06)} Ke6 {(00:
05)} 50. h5 {(01:19)} gxh5+ {(00:12)} 51. Kxh5 {(00:07)}
f5 {(00:04)} 52. Kg6 {(00:09)} fxe4 {(00:05)} 53. fxe4 {
(00:05)} Bd4 {(00:08)} 54. Nd2 {(00:06)} Bc3 {(00:
12)} 55. Nf3 {(00:08)} Ba1 {(00:05)} 56. Ng5+ {(00:08)}
Ke7 {(00:52)} 57. Kf5 {(00:10)} Bb2 {(00:17)} 58. Nf3 {
(06:32)} Kf7 {(00:15)} 59. Nd2 {(00:23)} Ba1 {(00:
11)} 60. Nc4 {(01:36)} Bc3 {(00:11)} 61. Nd6+ {(03:26)}
Ke7 {(00:10)} 62. Nb5 {(00:01)} Ba1 {(00:08)} 63. Kg4 {
(00:02)} Bb2 {(00:32)} 64. Nc7 {(03:19)} Ba1 {(00:
23)} 65. Kf5 {(01:51)} Kf7 {(00:06)} 66. Ne6 {(00:14)} Ke7
{(00:11)} 67. Nc5 {(00:28)} Kf7 {(00:14)} 68. Nd3 {
(00:41)} Bc3 {(00:08)} 69. Nxe5+ {(01:31)} Bxe5 {(
00:04)} 70. Kxe5 {(00:07)} Ke7 {(00:02)} 71. Kd5 {(00:08)}
Kd7 {(00:03)} 72. e5 {(00:05)} Ke7 {(00:02)} 73. e6 {
(00:05)} Ke8 {(00:04)} 74. Kd6 {(00:07)} Kd8 {(00:
04)} 75. e7+ {(00:08)} Ke8 {(00:01)} 1/2-1/2

[Event "42nd Olympiad Baku 2016 Open"]
[Site "Baku"]
[Date "2016.09.04"]
[Round "3.2"]
[White "Tomashevsky, Evgeny"]
[Black "Iordachescu, Viorel"]
[Result "1/2-1/2"]
[ECO "D61"]
[WhiteElo "2731"]
[BlackElo "2584"]
[Annotator ""]
[PlyCount "157"]
[EventDate "2016.??.??"]
[EventCountry "AZE"]
[SourceTitle "playchess.com"]
[Source "ChessBase"]
[WhiteTeam "Russia"]
[BlackTeam "Moldova"]
[WhiteTeamCountry "RUS"]
[BlackTeamCountry "MDA"]
[TimeControl "40/5400+30:1800+30"]

1. d4 {(00:00)} Nf6 {(00:00)} 2. c4 {(00:00)} e6 {(
00:03)} 3. Nf3 {(00:01)} d5 {(00:42)} 4. Nc3 {(00:31)} Be7
{(00:23)} 5. Bg5 {(01:33)} O-O {(00:35)} 6. e3 {(
00:32)} Nbd7 {(01:04)} 7. Qc2 {(01:44)} c5 {(00:30)} 8.
Rd1 {(02:05)} cxd4 {(05:52)} 9. Nxd4 {(16:31)} h6 {
(03:24)} 10. Bh4 {(04:46)} Nb6 {(07:25)} 11. Be2 {(
16:42)} Bd7 {(00:51)} 12. Bxf6 {(05:43)} Bxf6 {(00:11)}
13. cxd5 {(00:12)} Nxd5 {(06:10)} 14. Nxd5 {(01:33)} exd5
{(00:06)} 15. O-O {(00:08)} Qb6 {(05:23)} 16. Bf3 {
(02:57)} Rac8 {(02:19)} 17. Qb1 {(00:45)} Rfd8 {(
07:00)} 18. Rd2 {(02:19)} Be6 {(29:43)} 19. Rfd1 {(03:46)}
Rc5 {(04:07)} 20. g3 {(04:46)} a5 {(00:49)} 21. Kg2 {
(06:57)} a4 {(03:14)} 22. Nxe6 {(09:31)} fxe6 {(00:
49)} 23. Qg6 {(00:09)} Rb5 {(05:05)} 24. Bg4 {(01:32)} Qc6
{(07:09)} 25. Rb1 {(12:38)} Rc5 {(00:34)} 26. Bf3 {
(01:13)} Qe8 {(01:14)} 27. Qd3 {(00:13)} Qb5 {(00:
53)} 28. Bg4 {(00:35)} Qc6 {(03:34)} 29. Rbd1 {(00:40)}
Rc4 {(01:36)} 30. Be2 {(01:00)} Rc5 {(00:20)} 31. Qg6 {
(00:41)} Qe8 {(00:33)} 32. Qg4 {(00:37)} Rd6 {(00:
47)} 33. Qb4 {(02:30)} Qc6 {(02:07)} 34. Qf4 {(00:05)} Qd7
{(01:37)} 35. b4 {(00:48)} axb3 {(00:26)} 36. axb3 {
(00:01)} Qe7 {(00:36)} 37. Ra2 {(01:08)} Rd8 {(00:
20)} 38. Qg4 {(00:53)} Kh8 {(00:44)} 39. Bd3 {(00:46)} Qf7
{(00:37)} 40. Bg6 {(00:00)} Qe7 {(00:00)} 41. Rc2 {
(07:14)} Rdc8 {(06:40)} 42. Rxc5 {(05:53)} Rxc5 {(
00:08)} 43. Rd2 {(00:21)} b6 {(02:41)} 44. Ra2 {(16:12)}
Ra5 {(00:13)} 45. Rxa5 {(00:09)} bxa5 {(00:04)} 46. Qa4 {
(00:05)} Qd8 {(00:16)} 47. Qc6 {(01:57)} e5 {(03:
34)} 48. Bf5 {(00:41)} g5 {(01:16)} 49. Qb7 {(02:01)} Bg7
{(00:11)} 50. Bd3 {(00:57)} Kg8 {(05:45)} 51. Qc6 {
(00:22)} Bf6 {(01:15)} 52. Qe6+ {(00:20)} Kg7 {(00:
35)} 53. Qf5 {(00:05)} e4 {(01:45)} 54. Be2 {(00:06)} d4 {
(01:10)} 55. exd4 {(01:14)} Bxd4 {(02:20)} 56. Qxe4 {
(00:30)} Qf6 {(00:25)} 57. Bf3 {(00:19)} Bb6 {(01:
15)} 58. Qb7+ {(00:35)} Kf8 {(00:10)} 59. Qc8+ {(00:27)}
Ke7 {(00:29)} 60. Qc2 {(00:22)} Kf8 {(00:22)} 61. Bd5 {
(00:45)} Kg7 {(00:27)} 62. Qe2 {(00:45)} Kf8 {(00:
14)} 63. Bc4 {(00:53)} Bc5 {(01:08)} 64. f3 {(00:33)} h5 {
(00:49)} 65. Qd2 {(00:15)} Bb6 {(01:12)} 66. Qd5 {(
00:24)} h4 {(00:12)} 67. Kh3 {(00:29)} hxg3 {(00:42)} 68.
hxg3 {(00:03)} Bc7 {(02:36)} 69. Qc5+ {(00:43)} Qe7 {
(03:13)} 70. Qf5+ {(00:06)} Kg7 {(00:28)} 71. Kg4 {
(01:19)} Qe5 {(02:29)} 72. Qf7+ {(00:31)} Kh6 {(00:
14)} 73. Qf8+ {(00:14)} Qg7 {(00:06)} 74. Qe8 {(00:50)}
Qe5 {(00:18)} 75. Qf8+ {(00:32)} Qg7 {(00:05)} 76. Qe8 {
(00:45)} Qe5 {(00:08)} 77. Qf8+ {(00:28)} Qg7 {(00:
09)} 78. Qf5 {(00:31)} Qe5 {(00:14)} 79. Qxe5 {(00:28)}
1/2-1/2

[Event "42nd Olympiad Baku 2016 Open"]
[Site "Baku"]
[Date "2016.09.04"]
[Round "3.9"]
[White "Topalov, Veselin"]
[Black "Predojevic, Borki"]
[Result "1/2-1/2"]
[ECO "D41"]
[WhiteElo "2768"]
[BlackElo "2642"]
[Annotator ""]
[PlyCount "76"]
[EventDate "2016.??.??"]
[EventCountry "AZE"]
[SourceTitle "playchess.com"]
[Source "ChessBase"]
[WhiteTeam "Bulgaria"]
[BlackTeam "Bosnia  Herzegovina"]
[WhiteTeamCountry "BUL"]
[BlackTeamCountry "BIH"]
[TimeControl "40/5400+30:1800+30"]

1. d4 {(00:00)} Nf6 {(00:00)} 2. c4 {(00:00)} e6 {(
00:00)} 3. Nf3 {(00:00)} d5 {(00:26)} 4. Nc3 {(00:02)} c5
{(00:27)} 5. cxd5 {(01:41)} Nxd5 {(01:28)} 6. e4 {(
00:12)} Nxc3 {(00:04)} 7. bxc3 {(00:04)} cxd4 {(00:05)} 8.
cxd4 {(00:04)} Bb4+ {(00:05)} 9. Bd2 {(00:04)} Bxd2+ {
(00:03)} 10. Qxd2 {(00:06)} O-O {(00:06)} 11. Bc4 {
(00:50)} Nd7 {(01:28)} 12. O-O {(00:11)} b6 {(00:
07)} 13. Rfe1 {(00:18)} Bb7 {(00:21)} 14. a4 {(00:08)} Rc8
{(04:26)} 15. Bd3 {(00:06)} a5 {(05:19)} 16. Ra3 {(
08:57)} h6 {(18:25)} 17. h3 {(02:53)} Qc7 {(10:51)} 18.
Qb2 {(12:53)} Rfd8 {(18:11)} 19. Rb3 {(00:18)} Bc6 {
(05:47)} 20. Rc3 {(11:05)} Qb8 {(01:07)} 21. Ra3 {(
07:57)} Qd6 {(13:28)} 22. Ba6 {(09:02)} Ra8 {(02:51)} 23.
Bf1 {(02:39)} Rac8 {(01:10)} 24. Ree3 {(08:03)} Qb4 {
(07:27)} 25. Reb3 {(01:45)} Qd6 {(01:16)} 26. Ba6 {
(04:36)} Bxe4 {(05:38)} 27. Bxc8 {(00:09)} Rxc8 {(
00:01)} 28. Rc3 {(00:14)} Rd8 {(00:36)} 29. Qc1 {(00:14)}
Nf6 {(01:49)} 30. Rc8 {(04:11)} Rxc8 {(01:25)} 31. Qxc8+ {
(00:09)} Kh7 {(00:01)} 32. Re3 {(05:37)} Bxf3 {(00:
37)} 33. Rxf3 {(00:07)} Qxd4 {(00:04)} 34. Qc7 {(05:16)}
Kg8 {(01:07)} 35. Qc8+ {(04:02)} Kh7 {(00:04)} 36. Qf8 {
(00:10)} Qxa4 {(00:59)} 37. Qxf7 {(00:21)} Qa1+ {(
00:09)} 38. Kh2 {(00:29)} Qe5+ {(00:09)} 1/2-1/2

[Event "42nd Olympiad Baku 2016 Open"]
[Site "Baku"]
[Date "2016.09.04"]
[Round "3.14"]
[White "Torre, Eugenio"]
[Black "Anwuli Daniel"]
[Result "1-0"]
[ECO "B06"]
[WhiteElo "2447"]
[BlackElo "2336"]
[Annotator ""]
[PlyCount "89"]
[EventDate "2016.??.??"]
[EventCountry "AZE"]
[SourceTitle "playchess.com"]
[Source "ChessBase"]
[WhiteTeam "Philippines"]
[BlackTeam "Nigeria"]
[WhiteTeamCountry "PHI"]
[BlackTeamCountry "NGR"]
[TimeControl "40/5400+30:1800+30"]

1. d4 {(00:00)} g6 {(00:00)} 2. e4 {(00:00)} Bg7 {(
00:00)} 3. c3 {(00:35)} d6 {(02:32)} 4. Bg5 {(00:15)} Nf6
{(02:20)} 5. Nd2 {(00:10)} O-O {(00:39)} 6. Ngf3 {(
00:09)} h6 {(00:29)} 7. Bh4 {(01:09)} g5 {(01:14)} 8. Bg3
{(00:12)} Nh5 {(00:04)} 9. Nc4 {(07:50)} e6 {(03:
38)} 10. e5 {(01:23)} d5 {(12:48)} 11. Ne3 {(00:13)} c5 {
(00:06)} 12. Nd2 {(03:58)} cxd4 {(00:50)} 13. cxd4 {
(00:26)} Nxg3 {(00:14)} 14. hxg3 {(00:12)} Qb6 {(
00:10)} 15. Nb3 {(02:32)} a5 {(08:04)} 16. Ng4 {(03:52)}
a4 {(00:26)} 17. Nxh6+ {(03:48)} Bxh6 {(00:02)} 18. Rxh6 {
(00:12)} Qb4+ {(00:27)} 19. Qd2 {(13:46)} Nc6 {(00:
49)} 20. Kd1 {(00:15)} Qxd2+ {(00:25)} 21. Nxd2 {(00:13)}
Kg7 {(01:02)} 22. Rh5 {(04:10)} Kg6 {(02:56)} 23. g4 {
(00:10)} Nxd4 {(00:06)} 24. Rc1 {(01:16)} a3 {(03:
00)} 25. b3 {(03:12)} Bd7 {(10:43)} 26. Bd3+ {(00:44)} f5
{(01:46)} 27. Rc7 {(00:11)} Rf7 {(02:31)} 28. Rxb7 {
(00:43)} Bb5 {(00:23)} 29. Rxb5 {(20:39)} Nxb5 {(
00:59)} 30. Bxb5 {(00:19)} fxg4 {(00:10)} 31. Rh2 {(06:10]
} Kf5 {(03:55)} 32. Be2 {(03:58)} Kxe5 {(00:14)} 33. Bxg4
{(00:07)} Rxf2 {(02:07)} 34. Bf3 {(10:42)} Rc8 {(
06:23)} 35. Rh6 {(00:46)} Kf4 {(21:13)} 36. Rxe6 {(01:41)}
g4 {(01:08)} 37. Bxd5 {(01:24)} Rxd2+ {(02:49)} 38. Kxd2 {
(00:14)} Rd8 {(00:03)} 39. Re4+ {(00:29)} Kf5 {(00:
48)} 40. Rd4 {(00:00)} Ke5 {(00:00)} 41. Kd3 {(00:42)}
Rxd5 {(04:08)} 42. Rxd5+ {(00:16)} Kxd5 {(00:02)} 43. g3 {
(00:19)} Kc5 {(00:48)} 44. Ke4 {(01:40)} Kb4 {(00:
06)} 45. Kd4 {(00:14)} 1-0

[Event "42nd Olympiad Baku 2016 Open"]
[Site "Baku"]
[Date "2016.09.04"]
[Round "3.35"]
[White "Torres Santiago, Jonathan"]
[Black "Tin, Jingyao"]
[Result "1/2-1/2"]
[ECO "A00"]
[WhiteElo "2126"]
[BlackElo "2439"]
[Annotator ""]
[PlyCount "153"]
[EventDate "2016.??.??"]
[EventCountry "AZE"]
[SourceTitle "playchess.com"]
[Source "ChessBase"]
[WhiteTeam "Puerto Rico"]
[BlackTeam "Singapore"]
[WhiteTeamCountry "PUR"]
[BlackTeamCountry "SIN"]
[TimeControl "40/5400+30:1800+30"]

1. a3 {(02:14)} Nf6 {(00:52)} 2. f4 {(00:29)} b6 {(
05:57)} 3. d3 {(00:43)} d5 {(01:02)} 4. g3 {(00:19)} Nbd7
{(00:58)} 5. Nf3 {(00:34)} e6 {(00:23)} 6. Bg2 {(
00:13)} Bd6 {(00:28)} 7. O-O {(00:38)} Bb7 {(00:31)} 8.
Nc3 {(04:18)} a6 {(01:15)} 9. e4 {(02:06)} dxe4 {(
01:56)} 10. Ng5 {(00:18)} Rb8 {(09:41)} 11. dxe4 {(12:40)}
e5 {(20:57)} 12. fxe5 {(23:23)} Bxe5 {(01:38)} 13. Bf4 {
(04:00)} O-O {(01:12)} 14. Nd5 {(31:44)} Bxd5 {(18:
39)} 15. Bxe5 {(05:42)} Nxe5 {(03:30)} 16. exd5 {(00:54)}
Nfg4 {(00:19)} 17. Nf3 {(00:36)} Ne3 {(01:35)} 18. Qe2 {
(00:59)} Nxf3+ {(01:22)} 19. Rxf3 {(00:31)} Nxg2 {(
00:13)} 20. Kxg2 {(00:16)} Qxd5 {(00:09)} 21. Qxa6 {(00:
28)} Rbe8 {(01:58)} 22. Qd3 {(02:28)} Qc6 {(03:11)} 23.
Rd1 {(01:15)} Re6 {(00:31)} 24. c3 {(01:54)} Rfe8 {
(01:40)} 25. Qd5 {(00:44)} Re2+ {(00:28)} 26. Rf2 {
(00:14)} Rxf2+ {(01:35)} 27. Kxf2 {(00:09)} Qh6 {(
00:02)} 28. Kg2 {(01:40)} Qg6 {(03:15)} 29. Re1 {(01:52)}
Qc2+ {(01:14)} 30. Kh3 {(00:07)} Rf8 {(00:07)} 31. Qb5 {
(00:07)} g6 {(02:35)} 32. Re7 {(01:17)} Qf2 {(02:
22)} 33. Rxc7 {(00:33)} Rd8 {(00:57)} 34. Re7 {(00:55)}
Rd2 {(01:43)} 35. Re8+ {(00:18)} Kg7 {(00:05)} 36. Qe5+ {
(00:15)} Kh6 {(00:15)} 37. Qe3+ {(00:25)} Qxe3 {(
00:14)} 38. Rxe3 {(00:05)} Rxb2 {(00:15)} 39. Re7 {(00:04]
} f5 {(00:17)} 40. Rb7 {(00:00)} g5 {(00:00)} 41. g4 {
(01:58)} fxg4+ {(09:50)} 42. Kxg4 {(00:07)} Kg6 {(
00:03)} 43. a4 {(01:16)} Rb3 {(00:51)} 44. Rc7 {(01:16)}
h5+ {(00:21)} 45. Kf3 {(00:13)} Kf5 {(00:04)} 46. h3 {
(01:41)} Ke5 {(01:10)} 47. Ke3 {(00:15)} Rb1 {(00:
45)} 48. Kf3 {(03:21)} Rd1 {(21:47)} 49. Re7+ {(01:47)}
Kd6 {(00:27)} 50. Rg7 {(02:39)} Rd5 {(03:41)} 51. Ke4 {
(01:36)} Ra5 {(04:46)} 52. Rg6+ {(01:55)} Kc7 {(00:
06)} 53. Kd3 {(00:16)} Rf5 {(01:05)} 54. Ke4 {(00:39)} Rc5
{(00:06)} 55. Kd4 {(00:15)} Kb7 {(00:40)} 56. Rg8 {
(00:23)} Ka7 {(01:07)} 57. Kd3 {(00:31)} Ra5 {(01:
47)} 58. Ke3 {(00:37)} Kb7 {(00:33)} 59. Kd3 {(01:08)} h4
{(03:18)} 60. Rg6 {(00:52)} Rc5 {(00:35)} 61. Kd4 {
(00:41)} Ka6 {(00:34)} 62. Rg8 {(00:12)} Rf5 {(00:
27)} 63. Ke3 {(00:59)} Kb7 {(00:20)} 64. Rg6 {(00:07)} Kc7
{(00:34)} 65. Ke4 {(00:37)} Rc5 {(01:14)} 66. Kd4 {
(00:07)} Kb7 {(00:06)} 67. Rg8 {(00:10)} Ra5 {(00:
07)} 68. Kd3 {(01:39)} Rf5 {(00:39)} 69. Ke4 {(00:36)}
Rf4+ {(00:37)} 70. Ke3 {(00:15)} Rf1 {(01:04)} 71. Rxg5 {
(00:33)} Rh1 {(00:04)} 72. a5 {(00:08)} Rxh3+ {(00:
10)} 73. Kf2 {(00:05)} Rg3 {(00:22)} 74. Rb5 {(00:24)}
Rxc3 {(00:10)} 75. Rxb6+ {(00:08)} Ka7 {(00:06)} 76. Rh6 {
(00:06)} Rc5 {(00:06)} 77. Rxh4 {(00:05)} 1/2-1/2